 Dungeon Crawl Stone Soup version 0.28.0 (webtiles) character file.

Game seed: 10985984637569522000

340 Forgeling the Sneak (level 6, -1/32 HPs)
             Began as a Tengu Enchanter on Feb 6, 2022.
             Was an Initiate of Vehumet.
             Slain by a wyvern (16 damage)
             ... on level 4 of the Dungeon.
             The game lasted 00:10:17 (4243 turns).

Forgeling the Sneak (Tengu Enchanter)               Turns: 4243, Time: 00:10:18

Health: -1/32      AC:  2    Str:  8    XL:     6   Next: 56%
Magic:  2/12       EV: 14    Int: 18    God:    Vehumet [......]
Gold:   190        SH:  0    Dex: 14    Spells: 4/12 levels left

rFire   + + .      SeeInvis .   i - +2 dagger (speed)
rCold   + . .      Faith    .   (no shield)
rNeg    . . .      Spirit   .   b - +0 robe
rPois   .          Reflect  .   (helmet restricted)
rElec   .          Harm     .   g - scarf {rC+ rF+}
rCorr   .          Rampage  .   (no gloves)
Will    +....                   (boots unavailable)
Stlth   +++.......              (no amulet)
HPRegen 0.10/turn               e - ring of protection from fire
MPRegen 0.13/turn               d - ring of willpower

@: flying quickly and evasively, very slightly contaminated, quick
A: beak, talons 3, nimble flight
a: Renounce Religion


You were on level 4 of the Dungeon.
You worshipped Vehumet.
Vehumet was noncommittal.
You visited 2 branches of the dungeon, and saw 5 of its levels.

You collected 190 gold pieces.

Inventory:

Hand Weapons
 i - a +2 dagger of speed (weapon)
Armour
 b - a +0 robe (worn)
 f - a +0 kite shield
 g - a scarf of resistance (worn)
Jewellery
 d - a ring of willpower (right hand)
 e - a ring of protection from fire (left hand)
Scrolls
 a - a scroll of fog {unknown}
 K - 2 scrolls of immolation
 V - a scroll of vulnerability
 Y - 2 scrolls of teleportation {@r3}
Potions
 c - 2 potions of lignification {unknown}
 h - 3 potions of degeneration {unknown}
 j - a potion of brilliance {unknown}
 k - 2 potions of might {unknown}
 l - a potion of curing {unknown}
 I - a potion of invisibility


   Skills:
 - Level 4.0 Short Blades
 - Level 2.1 Dodging
 + Level 4.6 Stealth
 + Level 3.5 Spellcasting
 - Level 3.0 Hexes


You had 4 spell levels left.
You knew the following spells:

 Your Spells              Type           Power      Damage    Failure   Level
g - Ensorcelled Hibernat  Hex/Ice        16%        N/A       13%         2
h - Confusing Touch       Hex            13%        N/A       14%         3
j - Tukima's Dance        Hex            13%        N/A       14%         3

Your spell library contained the following spells:

 Spells                   Type           Power      Damage    Failure   Level
 Animate Skeleton         Necr           6%         N/A       16%         1
 Apportation              Tloc           6%         N/A       16%         1
 Summon Small Mammal      Summ           12%        N/A       16%         1
 Dazzling Flash           Conj/Hex       16%        N/A       26%         3


Dungeon Overview and Level Annotations

Branches:
Dungeon (4/15)             Temple (1/1) D:4

Altars:
Ashenzari
Dithmenos
Elyvilon
Fedhas
Gozag
Hepliaklqana
Kikubaaqudgha
Makhleb
Nemelex Xobeh
Okawaru
Qazlal
Ru
Trog
Uskayaw
Vehumet
Wu Jian
Xom
Zin
The Shining One

Shops:
D:3 =


Innate Abilities, Weirdness & Mutations

You have a beak for a mouth.
You have claws for feet.
Your magical nature lets you fly swiftly and evasively.


Message History

The wyvern bites you!
You hear a shout!
Casting: Ensorcelled Hibernation (safe; 13% risk of failure)
Confirm with . or Enter, or press ? or * to list all spells.
Aiming: Ensorcelled Hibernation (safe; 13% risk of failure)
Press: ? - help, Shift-Dir - straight line, f - wyvern
Aim: a wyvern (almost dead, chance to affect: 41%)
You miscast Ensorcelled Hibernation.
You are very lightly contaminated with residual magic.
Nothing appears to happen.
You hear a croak.
Casting: Ensorcelled Hibernation (safe; 13% risk of failure)
Confirm with . or Enter, or press ? or * to list all spells.
Aiming: Ensorcelled Hibernation (safe; 13% risk of failure)
Press: ? - help, Shift-Dir - straight line, f/p - wyvern
Aim: a wyvern (almost dead, chance to affect: 41%)
The wyvern resists with some effort.
Casting: Ensorcelled Hibernation (safe; 13% risk of failure)
Confirm with . or Enter, or press ? or * to list all spells.
Aiming: Ensorcelled Hibernation (safe; 13% risk of failure)
Press: ? - help, Shift-Dir - straight line, f/p - wyvern
Aim: a wyvern (almost dead, chance to affect: 41%)
The wyvern resists with some effort.
A bullfrog comes into view.
An orc comes into view. It is wielding a +0 club.
Casting: Ensorcelled Hibernation (safe; 13% risk of failure)
Confirm with . or Enter, or press ? or * to list all spells.
Aiming: Ensorcelled Hibernation (safe; 13% risk of failure)
Press: ? - help, Shift-Dir - straight line, f/p - wyvern
Aim: a wyvern (almost dead, chance to affect: 41%)
The wyvern resists with some effort.
The wyvern bites you.
* * * LOW HITPOINT WARNING * * *
Casting: Ensorcelled Hibernation (safe; 13% risk of failure)
Confirm with . or Enter, or press ? or * to list all spells.
Aiming: Ensorcelled Hibernation (safe; 13% risk of failure)
Press: ? - help, Shift-Dir - straight line, f/p - wyvern
Aim: a wyvern (almost dead, chance to affect: 41%)
The wyvern resists with some effort.
The wyvern bites you!
Ouch! That really hurt!
You die...

............#≈≈≈≈#...#
.....##.....######...##
##...##....## #.#.....#
#.......##... #......##
##.....###.(..##.#....###
#......# #...###.........
..##.### ... ##..##..##.#
#.....##.... #..#.:###
#.. #...........#.##@###
.# ..##..####....#l##
####### #....o# # # #
#..##. #.#..# #.# # ...#
#. .# ...# #.#..#


You could see a wyvern and an orc.

Vanquished Creatures
  A scorpion (D:4)
  A water moccasin skeleton (D:3)
  3 hounds (D:4)
  3 gnolls
  5 adders
  An adder zombie (D:4)
  An adder skeleton (D:4)
  4 worms
  3 ball pythons
  3 bats
  7 endoplasms
  5 goblins
  7 hobgoblins
  A quokka (D:3)
  6 frilled lizards
  4 kobolds
  5 rats
60 creatures vanquished.

Vanquished Creatures (others)
  A dancing weapon (D:3)
1 creature vanquished.

Grand Total: 61 creatures vanquished

Notes
Turn   | Place    | Note
-------+----------+-------------------------------------------
     0 | D:1      | Forgeling the Tengu Enchanter began the quest for the Orb.
     0 | D:1      | Reached XP level 1. HP: 10/10 MP: 4/4
   293 | D:1      | Reached XP level 2. HP: 14/15 MP: 6/6
   340 | D:1      | Learned a level 2 spell: Ensorcelled Hibernation
  1403 | D:2      | Found a faded altar of an unknown god.
  1516 | D:2      | Found an iron altar of Okawaru.
  1552 | D:2      | Reached XP level 3. HP: 17/19 MP: 7/7
  1863 | D:2      | Learned a level 3 spell: Confusing Touch
  2198 | D:3      | Found Bomiowez's Jewellery Shop.
  2202 | D:3      | Reached XP level 4. HP: 23/24 MP: 8/8
  2342 | D:3      | Gained mutation: Your magical nature lets you fly swiftly
                  | and evasively. [Tengu growth]
  2342 | D:3      | Reached XP level 5. HP: 23/28 MP: 4/9
  2495 | D:3      | Learned a level 3 spell: Tukima's Dance
  3732 | D:4      | Reached XP level 6. HP: 32/32 MP: 11/11
  3885 | D:4      | Noticed a black bear
  4069 | D:4      | Found a staircase to the Ecumenical Temple.
  4076 | Temple   | Entered the Ecumenical Temple
  4176 | Temple   | Became a worshipper of Vehumet
  4236 | D:4      | Noticed a wyvern
  4243 | D:4      | Slain by a wyvern

Illustrated notes

Levels and vault maps discovered:
D:1:      matt_arrival_refuge, layout_rooms, serial_corexii_hall,
          corexii_hall_statues_i, corexii_hall_statues_s,
          nicolae_concentric_dashed_squares_mild
D:2:      layout_loops_ring, basic_altar, ebering_ecumenical_altar_rust,
          minmay_strange_pillars, chequers_serial_rivers_large_a, st_stairs_1,
          minmay_misc_feat_four_crosses, item_on_display_a
D:3:      layout_rooms, serial_shops, shop
D:4:      minmay_spotlight, layout_cave_pools, minmay_temple_entry_fiery,
          chequers_serial_rivers_room_b, minmay_manual_mess
Temple:   hc_temple_tempest_star

Skill      XL: |  1  2  3  4  5 |
---------------+----------------+-----
Short Blades   | 2 3 4 |  4.0
Stealth        | 4 |  4.6
Spellcasting   | 3 |  3.5
Hexes          | 3 |  3.0
Dodging        | |  2.1

Action                   |  1- 3 |  4- 6 || total
-------------------------+-------+-------++-------
Melee: Dagger            |    76 |    86 ||   162
       Kick              |    18 |    23 ||    41
       Peck              |    11 |     5 ||    16
       Punch             |     1 |       ||     1
 Cast: Ensorcelled Hiber |     5 |    16 ||    21
       Confusing Touch   |       |     1 ||     1
       Tukima's Dance    |       |     4 ||     4
  Use: Scroll            |     2 |     1 ||     3
 Stab: Sleeping          |     9 |    13 ||    22
       Confused          |       |     1 ||     1
Armor: Robe              |    10 |     3 ||    13
Dodge: Dodged            |    34 |    49 ||    83
